 Dungeon Crawl Stone Soup version 0.25-a0-860-gf695395b5c (webtiles) character file.

Game seed: 235370427359406527, levelgen mode: deterministic

1643 FessEmpty the Fighter (level 8, -3/97 HPs)
             Began as an Ogre Berserker on Apr 27, 2020.
             Was an Elder of Trog.
             Slain by a killer bee (4 damage)
             ... on level 6 of the Dungeon.
             The game lasted 00:17:37 (4927 turns).

FessEmpty the Fighter (Ogre Berserker)              Turns: 4927, Time: 00:17:38

Health: -3/97      AC:  5    Str: 22    XL:     8   Next: 99%
Magic:  8/8        EV: 10    Int:  8    God:    Trog [****..]
Gold:   350        SH:  0    Dex:  8    Spells: 7/7 levels left

rFire    . . .     SeeInvis .   z - +0 flail
rCold    . . .     Gourm    .   (no shield)
rNeg     . . .     Faith    .   p - +1 animal skin
rPois    .         Spirit   .   (helmet restricted)
rElec    .         Reflect  .   q - +0 cloak
rCorr    .         Harm     +   (gloves unavailable)
MR       +....     Rnd*Tele +   (boots unavailable)
Stlth    +.........             b - amulet of harm
HPRegen  0.26/turn              m - ring of teleportation (curse)
MPRegen  0.11/turn              l - ring of protection from magic

@: lethally poisoned (-3 -> -7), about to teleport, berserk cooldown, slowed,
very slow
A: large, unfitting armour, blink, blurry vision 1, clumsy 1, tough skin 1,
MP-powered wands
a: Blink, Berserk, Trog's Hand, Brothers in Arms, Renounce Religion


You were on level 6 of the Dungeon.
You worshipped Trog.
Trog was greatly pleased with you.
You were very hungry.

You visited 1 branch of the dungeon, and saw 7 of its levels.

You collected 350 gold pieces.

Inventory:

Hand Weapons
 y - a +2 falchion of holy wrath
 z - a +0 flail (weapon)
 D - a +0 giant spiked club
Missiles
 v - 17 poisoned darts (quivered)
Armour
 d - a +0 robe of magic resistance
 p - a +1 animal skin (worn)
 q - a +0 cloak (worn)
Jewellery
 b - an amulet of harm (around neck)
 l - a ring of protection from magic (right hand)
 m - a cursed ring of teleportation (left hand)
Wands
 i - a wand of digging (3)
 C - a wand of flame (16)
Scrolls
 a - a scroll of remove curse {unknown}
 f - 4 scrolls of magic mapping
 g - a scroll of fear {unknown}
 j - a scroll of enchant weapon {unknown}
 k - 3 scrolls of teleportation
 n - 4 scrolls of identify
 t - a scroll of immolation {unknown}
 w - a scroll of blinking {unknown}
 x - a scroll of fog {unknown}
 E - a scroll of torment {unknown}
Potions
 e - 2 potions of stabbing
 h - 2 potions of flight
 r - 2 potions of brilliance
 s - a potion of heal wounds {unknown}
 u - a potion of lignification {unknown}
 A - a potion of degeneration {unknown}
 B - a potion of curing {unknown}
Comestibles
 c - 5 rations


   Skills:
 - Level 11.4 Fighting
 * Level 7.1 Maces & Flails
 - Level 2.6 Dodging


You had 7 spell levels left.
You didn't know any spells.
Your spell library was empty.

Dungeon Overview and Level Annotations

Branches:
Dungeon (7/15)             Temple (0/1) D:6

Altars:
Elyvilon
Gozag
Nemelex Xobeh
Qazlal
Vehumet
Wu Jian
Yredelemnul


Innate Abilities, Weirdness & Mutations

You are too large for most types of armour.
You have tough skin. (AC +1)
You can translocate small distances at will.
Scrolls take you a little longer to read.
You are clumsy. (Dex -2)
You expend magic power (3 MP) to strengthen your wands.


Message History

You feel yourself speed up.
You recover from your berserk rage.
You now have 342 gold pieces (gained 9).
You are starving!
You eat one of the 5 rations.
That ration really hit the spot!
You see here 20 bolts.
There is an open door here.
n - 5 scrolls of identify (gained 1)
There is an open door here.
There is an open door here.
Found an escape hatch in the floor.
You now have 350 gold pieces (gained 8).
Things that are here:
a +0 scythe; a +0 robe
Things that are here:
a +0 dagger; a +0 robe
There is an open door, spattered with blood here.
There is an open door here.
There is an open door here.
Partly explored, can't reach some places.
You hit the fungus but do no damage. You hit the fungus but do no damage.
You hit the fungus.
The fungus is lightly damaged.
You hit the fungus.
The fungus is lightly damaged.
You hit the fungus but do no damage.
The fungus is lightly damaged.
You hit the fungus.
The fungus is lightly damaged.
You hit the fungus.
The fungus is lightly damaged.
You hit the fungus.
The fungus is moderately damaged.
You thump the fungus!
The fungus is moderately damaged.
You hit the fungus.
The fungus is heavily damaged.
You thump the fungus!
The fungus is almost destroyed.
You thump the fungus!
You destroy the fungus!
Crazy Yiuf shouts!
Crazy Yiuf says, "Prologue light turtle!"
A red film seems to cover your vision as you go berserk!
You feel yourself moving faster!
You feel mighty!
You feel a lot more hungry.
The door flies open with a bang!
You feel a strong urge to attack something.
Crazy Yiuf laughs, "Goober eyeball testudinal!"
Crazy Yiuf hits you with a +3 quarterstaff of chaos.
Space bends around you.
There is an open translucent door here.
You bludgeon Crazy Yiuf!!
You kill Crazy Yiuf!
Trog accepts your kill.
Things that are here:
a +3 quarterstaff of chaos; a +0 cloak; the gnoll corpse of Crazy Yiuf
(D) Dungeon (T) Temple
Where to? (Enter - D:5, ? - help)
You feel a strong urge to attack something.
There is an open translucent door here.
You are no longer berserk.
You are exhausted.
You feel yourself slow down.
HP restored.
You feel yourself speed up.
There is an open door here.
You recover from your berserk rage.
There is a stone staircase leading down here.
You climb downwards.
A centaur and a skeleton come into view.
There is a stone staircase leading up here.
The centaur wields a +0 shortbow.
The centaur shoots an arrow.
The arrow hits you.
You see here an arrow.
The centaur unwields a +0 shortbow.
The centaur barely misses you.
You hit the centaur but do no damage. The centaur hits you.
The centaur barely misses you.
You thump the centaur!
The centaur is heavily wounded.
The centaur closely misses you.
You sock the centaur!
You kill the centaur!
Trog accepts your kill.
Your +2 falchion of holy wrath softly glows with a divine radiance!
y - a +2 falchion of holy wrath (weapon)
You barely miss the howler monkey skeleton.
The howler monkey skeleton hits you.
You slash the howler monkey skeleton!
The howler monkey skeleton convulses!!
You destroy the howler monkey skeleton!
Trog accepts your kill.
Your +2 falchion of holy wrath stops glowing.
z - a +0 flail (weapon)
c - 5 rations (gained 1)
Okay, then.
Okay, then.
As you read the scroll of identify, it crumbles to dust.
r - 2 potions of brilliance
Things that are here:
a +0 shortbow; 13 arrows You open the door.
HP restored.
There is an open door here.
A killer bee comes into view.
You are feeling hungry.
There is an open door here.
There is an open door here.
The killer bee buzzes angrily.
A killer bee comes into view. x2
There is an open door here.
The killer bee barely misses you.
You hit the killer bee.
The killer bee is moderately wounded.
The killer bee stings you. x2
You closely miss the killer bee.
The killer bee is moderately wounded.
The killer bee stings you! The killer bee closely misses you.
A red film seems to cover your vision as you go berserk!
You feel yourself moving faster!
You feel mighty!
You are feeling very hungry.
The killer bee stings you!
You are poisoned.
The killer bee poisons you!
A killer bee comes into view.
The killer bee stings you but does no damage.
You closely miss the killer bee.
The killer bee is moderately wounded.
You feel sick.
The killer bee stings you but does no damage.
You miss the killer bee.
The killer bee is moderately wounded.
The killer bee stings you. x2
You barely miss the killer bee.
The killer bee is moderately wounded.
The killer bee closely misses you.
You miss the killer bee.
The killer bee is moderately wounded.
The killer bee stings you but does no damage.
You sock the killer bee!
You kill the killer bee!
Trog accepts your kill.
Your Maces & Flails skill increases to level 7!
You feel sick.
You barely miss the killer bee. The killer bee closely misses you.
You closely miss the killer bee. The killer bee closely misses you.
The killer bee stings you.
You closely miss the killer bee. The killer bee barely misses you.
You completely miss the killer bee.
You feel sick. The killer bee stings you. x2
You are more poisoned.
The killer bee poisons you!
You thump the killer bee!
You kill the killer bee!
Trog accepts your kill.
You feel sick.
You feel a strong urge to attack something.
You are no longer berserk.
Trog's vigour flows through your veins.
You are exhausted.
You feel yourself slow down.
You close the door, pushing everything out of the way.
You feel sick.
You feel sick.
You feel sick.
A killer bee comes into view.
You feel sick.
The killer bee moves out of view.
You feel sick.
The killer bee buzzes angrily.
The killer bee closely misses you. The killer bee barely misses you. x2
You feel sick.
The killer bee buzzes angrily.
The killer bee stings you but does no damage.
The killer bee stings you. The killer bee stings you!
The killer bee stings you but does no damage.
There is a stone staircase leading up, spattered with blood here.
The killer bee stings you. The killer bee misses you.
The killer bee stings you. x3
* * * LOW HITPOINT WARNING * * *
The killer bee closely misses you. The killer bee misses you.
The killer bee stings you.
* * * LOW HITPOINT WARNING * * *
You are more poisoned.
The killer bee poisons you!
You climb upwards.
You feel sick.
There is a stone staircase leading down here.
As you read the scroll of teleportation, it crumbles to dust.
You feel strangely unstable.
You feel sick.
The killer bee stings you but does no damage. x2
The killer bee barely misses you.
The killer bee stings you but does no damage.
The killer bee barely misses you. The killer bee stings you!
* * * LOW HITPOINT WARNING * * *
It was a potion of mutation.
You feel extremely strange.
You feel jittery.
Your vision blurs.
You feel clumsy.
You feel your magical essence link to the dungeon's wands.
You feel sick. The killer bee barely misses you. The killer bee stings you.
* * * LOW HITPOINT WARNING * * *
The killer bee stings you.
* * * LOW HITPOINT WARNING * * *
The killer bee stings you.
You die...

#........#..#
###........#..######
......(............#
........##.........#
........##.........#
........##.........#
........##.........#
........##.......y.#
........##......@..#
........##......y..#
........##.........#####
#####.##########.......#
#...........#####.##
###########.# #.# #.#
#.# #########'## #.#
#..........# #.#


You could see 2 killer bees.

Vanquished Creatures
  Sigmund (D:6)
  Duvessa (D:6)
  2 ice beasts
  An ogre (D:6)
  3 centaurs
  2 bullfrogs (D:6)
  Dowan (D:6)
  A scorpion (D:5)
  2 killer bees (D:7)
  A crimson imp (D:5)
  3 hounds
  An orc priest (D:3)
  Crazy Yiuf (D:6)
  A bullfrog zombie (D:5)
  An iguana (D:5)
  An orc wizard (D:3)
  3 worker ants
  2 hound skeletons
  Robin (D:3)
  2 howler monkey skeletons
  7 adders
  2 adder skeletons
  5 worms
  2 dart slugs
  6 leopard geckos
  9 orcs
  5 giant cockroaches
  13 goblins
  11 hobgoblins
  6 jackals
  7 bats
  3 frilled lizards
  A jackal skeleton (D:4)
  7 kobolds
  A leopard gecko skeleton (D:5)
  9 rats
  A fungus (D:6)
126 creatures vanquished.

Notes
Turn   | Place    | Note
-------+----------+-------------------------------------------
     0 | D:1      | FessEmpty the Ogre Berserker began the quest for the Orb.
     0 | D:1      | Reached XP level 1. HP: 24/24 MP: 1/1
   188 | D:1      | Reached XP level 2. HP: 12/33 MP: 2/2
   692 | D:2      | Reached skill level 5 in Fighting
   784 | D:2      | Reached XP level 3. HP: 31/42 MP: 3/3
   910 | D:2      | Reached ** piety under Trog
  1382 | D:3      | Found a faded altar of an unknown god.
  1476 | D:3      | Reached XP level 4. HP: 52/52 MP: 4/4
  1487 | D:3      | Reached skill level 6 in Fighting
  1710 | D:3      | Reached XP level 5. HP: 61/61 MP: 5/5
  1777 | D:3      | Found an ornate altar of the Wu Jian Council.
  1793 | D:3      | Noticed Robin
  1869 | D:2      | Reached *** piety under Trog
  1933 | D:3      | Killed Robin
  1985 | D:3      | Reached skill level 7 in Fighting
  2149 | D:3      | Found a sparkling altar of Nemelex Xobeh.
  2501 | D:4      | Found a basalt altar of Yredelemnul.
  2551 | D:4      | Reached XP level 6. HP: 71/71 MP: 6/6
  2562 | D:4      | Found a radiant altar of Vehumet.
  2610 | D:4      | Found an opulent altar of Gozag.
  2704 | D:4      | Found a stormy altar of Qazlal.
  2899 | D:5      | Entered Level 5 of the Dungeon
  2909 | D:5      | Found a white marble altar of Elyvilon.
  2928 | D:5      | Reached skill level 8 in Fighting
  3147 | D:5      | Reached XP level 7. HP: 79/81 MP: 7/7
  3197 | D:5      | Noticed a hornet
  3204 | D:5      | Reached skill level 9 in Fighting
  3212 | D:5      | Reached skill level 5 in Maces & Flails
  3874 | D:6      | Reached skill level 10 in Fighting
  3884 | D:6      | Found a staircase to the Ecumenical Temple.
  3890 | D:6      | Reached XP level 8. HP: 62/93 MP: 8/8
  3939 | D:6      | Reached **** piety under Trog
  4004 | D:6      | Noticed Dowan
  4005 | D:6      | Noticed Duvessa
  4008 | D:6      | Noticed Sigmund
  4011 | D:6      | Killed Dowan
  4016 | D:6      | Killed Duvessa
  4019 | D:6      | Killed Sigmund
  4019 | D:6      | Reached skill level 11 in Fighting
  4808 | D:6      | Found a runed translucent door.
  4809 | D:6      | Noticed Crazy Yiuf
  4815 | D:6      | Killed Crazy Yiuf
  4927 | D:6      | Gained mutation: You can translocate small distances at
                  | will. [potion of mutation]
  4927 | D:6      | Gained mutation: Scrolls take you a little longer to read.
                  | [potion of mutation]
  4927 | D:6      | Gained mutation: You are clumsy. (Dex -2) [potion of
                  | mutation]
  4927 | D:6      | Gained mutation: You expend magic power (3 MP) to
                  | strengthen your wands. [potion of mutation]
  4927 | D:6      | HP: 4/97 [killer bee (1)]
  4927 | D:6      | HP: 1/97 [killer bee (3)]
  4927 | D:6      | Slain by a killer bee

Levels and vault maps discovered:
D:1:      onia_arrival_mini_spirals, layout_basic
D:2:      layout_basic
D:3:      layout_basic, marbit_many_paths,
          chequers_ecumenical_altar_simple_redux, first_ration,
          minmay_misc_feat_tower, nemelex_diamond_rough_becter, uniq_robin
D:4:      layout_rooms, nicolae_overflow_crystal_walls,
          nicolae_qazlal_eye_of_the_storm, kennysheep_mini_moat,
          lemuel_doored_altar, minmay_misc_feat_nine_boxes
D:5:      cheibrodos_fzero, layout_cave_pools, lemuel_crystal_altar
D:6:      layout_basic, minmay_temple_entry_glass, uniq_sigmund, uniq_duvessa,
          uniq_crazy_yiuf_cottage
D:7:      layout_basic, lemuel_coloured_pillars_altar, tso_oasis_becter,
          gammafunk_ghost_necromancy, grunt_livestock, kennysheep_generic_room_6

Skill      XL: |  1  2  3  4  5  6  7  8 |
---------------+-------------------------+-----
Maces & Flails | 3 4 5 7 |  7.1
Fighting       | 5 6 7 8 10 11 | 11.4
Dodging        | |  2.6

Action                   |  1- 3 |  4- 6 |  7- 9 || total
-------------------------+-------+-------+-------++-------
Melee: Mace              |    75 |     6 |    68 ||   149
       Short sword       |    37 |   214 |       ||   251
       Falchion          |       |       |     3 ||     3
       Flail             |       |       |    63 ||    63
       Giant spiked club |       |       |    27 ||    27
Invok: Berserk           |     4 |     8 |    10 ||    22
       Trog's Hand       |       |       |     1 ||     1
  Use: Scroll            |       |     3 |     4 ||     7
       Potion            |       |       |     2 ||     2
  Eat: Chunk             |     4 |    12 |     5 ||    21
       Ration            |       |     1 |     2 ||     3
Armor: Animal skin       |    26 |    34 |    64 ||   124
       Robe              |       |    21 |       ||    21
Dodge: Dodged            |    61 |    82 |   117 ||   260

Table legend:
 A = Non-vault XP
 B = Vault XP
 C = Vault XP percentage of total XP
 D = Non-vault monster count
 E = Vault monster count
 F = Vault count percentage of total count
                 A         B        C        D         E       F
            +---------+---------+-------+---------+---------+-------
      Total |    1631 |     717 |  30.5 |     104 |      21 |  16.8
            +---------+---------+-------+---------+---------+-------
        D:1 |      27 |       0 |   0.0 |      16 |       0 |   0.0
        D:2 |      31 |       6 |  16.2 |      20 |       3 |  13.0
        D:3 |     175 |      33 |  15.9 |      29 |      10 |  25.6
        D:4 |      90 |       0 |   0.0 |      11 |       0 |   0.0
        D:5 |     534 |     209 |  28.1 |      14 |       4 |  22.2
        D:6 |     525 |     469 |  47.2 |      10 |       4 |  28.6
        D:7 |     249 |       0 |   0.0 |       4 |       0 |   0.0
            +---------+---------+-------+---------+---------+-------
